Map: New Gettysburg LE

Players

Fropez

  • Race: Protoss Protoss
  • League: Gold
  • Spawn Location: 7:00

CMF - Winner!

  • Race: Zerg Zerg
  • League: Gold
  • Spawn Location: 5:00

VOD

Have the link to the VOD?

Description

Time

  • Played on: Nov. 14, 2016, 2:13 p.m.
  • Length: 13:13
Show
View Real Time Build Order
Export as new Build Order

Fropez Protoss 

Build Orders:  

Get SALT Encoding   

  12  0:01  Probe (Chrono Boost)  
  13  0:11  Probe (Chrono Boost)  
  14  0:18  Pylon  
  14  0:22  Probe (Chrono Boost)  
  15  0:36  Probe (Chrono Boost)  
  15  0:40  Assimilator  
  16  0:42  Gateway  
  16  0:47  Probe (Chrono Boost)  
  17  0:57  Probe (Chrono Boost)  
  18  1:05  Gateway  
  18  1:08  Probe (Chrono Boost)  
  20  1:18  Probe (Chrono Boost)  
  20  1:24  Pylon  
  20  1:29  Probe (Chrono Boost)  
  21  1:42  Pylon  
  21  1:46  Cybernetics Core  
  21  1:50  Pylon  
  21  1:52  Pylon  
  21  1:57  Pylon  
  21  2:01  Pylon  
  20  2:14  Assimilator  
  20  2:22  Warp Gate (Chrono Boost)  
  20  2:24  Mothership Core (Chrono Boost)  
  26  2:30  Adept (Chrono Boost)  
  24  2:43  Probe  
  25  2:47  Stalker  
  25  2:50  Nexus  
  27  2:55  Pylon  
  27  2:58  Pylon  
  27  3:03  Adept  
  29  3:08  Probe  
  30  3:17  Stalker  
  32  3:37  Gateway  
  32  3:41  Gateway  
  32  3:43  Probe  
  33  3:56  Probe  
  34  4:03  Probe  
  34  4:08  Probe  
  36  4:18  Twilight Council  
  36  4:20  Probe  
  36  4:21  Probe  
  36  4:22  Gateway  
  38  4:31  Adept  
  38  4:33  Adept  
  38  4:36  Probe  
  38  4:37  Probe  
  44  4:43  Adept  
  46  4:46  Probe  
  46  4:49  Probe  
  46  4:52  Adept  
  50  4:57  Probe  
  51  5:01  Probe  
  52  5:07  Probe  
  52  5:11  Robotics Facility  
  52  5:14  Probe  
  54  5:15  Resonating Glaives (Chrono Boost)  
  54  5:18  Probe  
  55  5:25  Adept  
  55  5:26  Adept x2, Probe  
  62  5:33  Pylon  
  62  5:39  Pylon  
  62  5:54  Adept x3  
  62  5:55  Adept  
  70  5:58  Immortal  
  70  5:59  Adept  
  76  6:34  Probe  
  76  6:35  Probe  
  78  6:48  Pylon  
  78  6:49  Assimilator  
  78  6:51  Assimilator  
  78  7:05  Nexus, Templar Archives  
  78  7:06  Probe, Immortal (Chrono Boost)  
  78  7:07  Pylon, Gateway  
  83  7:08  Assimilator  
  83  7:09  Pylon  
  83  7:11  Pylon  
  83  7:13  Pylon, Assimilator  
  83  7:15  Pylon  
  83  7:16  Blink  
  83  7:17  Pylon  
  83  7:21  Probe x2  
  85  7:23  Forge  
  85  7:26  Forge  
  85  7:39  Probe  
  85  7:41  Probe, Immortal (Chrono Boost)  
  89  8:01  High Templar x3  
  89  8:04  Probe x2  
  97  8:14  Archon  
  97  8:18  Probe x3  
  100  8:39  Gateway  
  100  8:43  Gateway  
  100  8:45  Gateway  
  100  8:46  Pylon  
  100  8:51  Pylon  
  100  8:52  Pylon  
  100  8:54  Probe x2  
  102  8:59  Photon Cannon, Protoss Ground Weapons Level 1 (Chrono Boost)  
  102  9:01  Photon Cannon  
  102  9:04  Photon Cannon  
  102  9:17  High Templar  
  102  9:18  High Templar x4  
  102  9:20  Protoss Shields Level 1 (Chrono Boost)  
  102  9:21  Archon  
  102  9:22  Archon  
  102  9:23  Archon  
  112  9:29  Probe  
  112  9:30  Probe x2  
  115  9:36  Nexus  
  115  9:45  Pylon  
  115  9:50  Pylon  
  115  9:55  Pylon  
  115  9:56  Probe  
  115  9:57  Pylon, Probe  
  115  9:58  Probe  
  118  10:13  Photon Cannon  
  118  10:15  Photon Cannon  
  118  10:19  Photon Cannon  
  118  10:21  Photon Cannon  
  118  10:26  Gateway  
  118  10:27  Gateway  
  118  10:35  Gateway  
  118  10:38  Gateway  
  110  10:43  Zealot x4  
  110  10:44  Zealot  
  106  10:53  Observer (Chrono Boost)  
  89  11:09  Zealot x5  
  89  11:10  Zealot x2  
  65  11:38  High Templar x5  
  65  11:39  High Templar x2  
  73  11:42  Archon x3  
  48  12:03  Photon Cannon  
  48  12:04  Pylon  
  48  12:07  Zealot x2  
  48  12:08  Zealot x2  
  55  12:11  Zealot x3  
  55  12:12  Zealot x4  
  66  12:30  Zealot x4  
  72  12:37  Probe  
  72  12:39  Probe  
  74  12:44  Nexus  
  72  13:00  Zealot x4  
  72  13:01  Zealot  
  60  13:06  Zealot  
Show
View Real Time Build Order
Export as new Build Order

CMF Zerg - Winner!

Build Orders: Hatch First, Lurkers 

Get SALT Encoding   

  12  0:02  Drone  
  13  0:14  Overlord  
  13  0:18  Drone  
  14  0:24  Extractor  
  14  0:25  Drone  
  15  0:47  Hatchery  
  14  0:53  Drone  
  14  0:55  Drone  
  16  1:11  Spawning Pool  
  16  1:14  Extractor  
  16  1:16  Drone  
  15  1:20  Drone  
  16  1:27  Overlord  
  16  1:34  Drone  
  16  1:39  Drone  
  18  1:54  Drone  
  19  2:02  Zergling x2  
  20  2:21  Queen  
  22  2:27  Drone  
  23  2:36  Metabolic Boost  
  23  2:40  Zergling x2  
  23  2:43  Drone  
  25  2:50  Drone x2  
  27  2:56  Drone  
  27  2:57  Drone  
  29  3:01  Drone  
  30  3:23  Overlord  
  30  3:25  Queen  
  32  3:31  Hatchery  
  31  3:36  Overlord  
  31  3:40  Extractor  
  30  3:42  Overlord  
  30  3:45  Drone  
  30  3:48  Drone  
  32  3:55  Pneumatized Carapace  
  32  3:56  Drone  
  32  3:57  Drone  
  32  4:01  Drone  
  35  4:04  Drone x2  
  37  4:12  Drone x2  
  37  4:15  Drone x2  
  41  4:17  Drone  
  41  4:24  Drone x2  
  44  4:33  Roach Warren  
  43  4:40  Lair  
  43  4:42  Drone  
  44  4:48  Queen  
  44  4:49  Drone  
  44  4:50  Drone  
  48  4:54  Overlord  
  48  5:04  Extractor, Overlord, Drone  
  48  5:13  Evolution Chamber  
  47  5:15  Drone x2  
  47  5:17  Evolution Chamber  
  47  5:21  Drone x4  
  49  5:22  Overlord  
  49  5:28  Drone  
  53  5:35  Extractor  
  55  5:42  Roach  
  55  5:43  Roach x4  
  61  5:52  Zerg Melee Weapons Level 1  
  61  5:56  Zergling x4, Roach x4  
  71  6:12  Zerg Missile Weapons Level 1  
  71  6:13  Hydralisk Den  
  71  6:14  Ravager x2  
  71  6:16  Drone  
  73  6:20  Zergling x2, Roach x3  
  73  6:24  Drone x2  
  82  6:42  Overlord x2  
  82  6:46  Lurker Den  
  82  6:51  Overlord  
  82  6:56  Spore Crawler  
  82  6:57  Drone  
  82  6:58  Overlord x2  
  82  7:00  Drone  
  83  7:07  Drone x2  
  83  7:08  Overlord x3  
  85  7:10  Roach  
  85  7:11  Hydralisk  
  85  7:15  Ravager  
  90  7:21  Overlord  
  90  7:22  Overlord  
  90  7:27  Hydralisk x2, Drone  
  90  7:29  Hydralisk  
  95  7:33  Drone x2  
  99  7:40  Roach x2  
  99  7:41  Zergling x2, Roach  
  101  7:47  Zerg Ground Armor Level 1  
  101  7:54  Drone x2  
  103  8:03  Drone  
  103  8:04  Drone  
  105  8:06  Hydralisk x3  
  105  8:08  Hatchery  
  105  8:11  Glial Reconstitution  
  110  8:18  Hydralisk x3  
  110  8:19  Extractor  
  115  8:22  Lurker x2  
  117  8:35  Overseer  
  117  8:36  Overseer x2  
  117  8:41  Drone  
  117  8:45  Drone x2  
  117  8:47  Extractor  
  119  9:03  Hatchery  
  119  9:07  Overlord  
  119  9:09  Overlord  
  118  9:16  Drone x2  
  120  9:21  Hydralisk  
  120  9:22  Hydralisk x3  
  120  9:23  Roach  
  120  9:24  Roach  
  132  9:29  Hydralisk x3, Roach  
  132  9:31  Zergling x2, Roach  
  143  9:34  Drone x2  
  145  9:52  Drone x3  
  148  9:54  Roach x2  
  148  9:57  Lurker  
  148  9:58  Lurker x4  
  157  10:00  Roach  
  157  10:06  Hydralisk  
  161  10:16  Roach x2  
  161  10:21  Hydralisk x3, Roach x2  
  165  10:22  Zergling x2  
  165  10:23  Zergling x2  
  137  10:55  Zergling x4, Roach x3  
  139  10:59  Hydralisk x2, Zergling x2, Roach  
  139  11:00  Hydralisk, Zergling x4, Roach x2  
  153  11:04  Roach  
  153  11:06  Hydralisk, Zergling x2, Roach  
  153  11:10  Hydralisk x2  
  164  11:17  Overlord  
  163  11:19  Hydralisk  
  156  11:25  Hydralisk  
  156  11:26  Hydralisk  
  160  11:38  Roach  
  160  11:39  Hydralisk x2  
  162  11:40  Hydralisk x3, Roach  
  162  11:41  Roach x2  
  162  11:45  Roach  
  162  11:46  Roach  
  180  11:50  Roach  
  180  11:52  Roach  
  180  11:53  Hydralisk x2  
  180  11:54  Roach  
  187  12:22  Hydralisk x2, Zergling x4, Roach  
  184  12:23  Roach x2  
  184  12:24  Overlord x2  
  184  12:28  Overlord  
  186  12:32  Overlord  
  186  12:33  Overlord  
Tags
 
Composition
Lurkers
League
GoldGold
Matchup
PvZ
Replay Pack
All Mines
Spawn Locations
Close Positions
Add a new tag
Caveats
  • Supply blocks, unpowered buildings, or Contaminate may cause inaccurate times.
  • Supply counts are checked every 10 seconds.